 Dungeon Crawl Stone Soup version 0.30.1-3-gfc49f6343a (webtiles) character file.

Game seed: 563980512923256873

6465 croobank the Covert (level 11, -4/74 HPs)
             Began as an Octopode Delver on July 26, 2023.
             Was an Initiate of Gozag.
             Slain by a red devil
             ... wielding a +0 demon trident of flaming
              (9 damage)
             ... on level 10 of the Dungeon.
             The game lasted 00:34:43 (8721 turns).

croobank the Covert (Octopode Delver)               Turns: 8721, Time: 00:34:43

Health: -4/74      AC:  6    Str: 10    XL:     11   Next: 0%
Magic:  24/29      EV: 18    Int: 19    God:    Gozag
Gold:   679        SH:  0    Dex: 24    Spells: 10/22 levels left

rFire   + + .        g - +8 long sword "Zocoheqi" {speed, rPois rN++ Int+3 Stlth+}
rCold   . . .        (no shield)
rNeg    + + .        (helmet restricted)
rPois   +            (no amulet)
rElec   .            m - ring of Xom's Full Attention {rF+ MP+9 Slay+4}
rCorr   .            u - ring of see invisible
SInv    +            z - ring of wizardry
Will    .....        B - ring of wizardry
Stlth   +++++++      G - ring of protection from fire
HPRegen 0.32/turn    M - +6 ring of dexterity
MPRegen 0.21/turn    (no ring)
                     (no ring)

%: wizardry (x2)
@: ice-armoured, about to teleport, weakened, spiked, freezing walls
A: almost no armour, amphibious, 8 rings, camouflage 1, gelatinous body 1,
(nimble swimmer 1), tentacles, agile 1, mutation resistance 1
a: Renounce Religion, Potion Petition, Call Merchant, Bribe Branch


You were on level 10 of the Dungeon.
You worshipped Gozag.
Gozag was pleased with you.
You visited 2 branches of the dungeon, and saw 11 of its levels.

You collected 855 gold pieces.
You paid 176 gold pieces to Gozag.

Inventory:

Hand Weapons
 a - a +0 short sword of flaming
 g - the +8 long sword "Zocoheqi" (weapon) {speed, rPois rN++ Int+3 Stlth+}
   (You found it on level 5 of the Dungeon)

   Int:       It affects your intelligence (+3).
   rPois:     It protects you from poison.
   rN:        It greatly protects you from negative energy.
   Stlth:     It makes you more stealthy.
 n - a +2 dagger of protection
 C - a +3 flail
 D - a +4 falchion
 E - a +2 dagger of freezing
 N - a +2 war axe of freezing
Missiles
 j - 18 poisoned darts (quivered)
 L - a boomerang of dispersal
Jewellery
 m - the ring of Xom's Full Attention (left tentacle) {rF+ MP+9 Slay+4}
   (You found it on level 2 of the Dungeon)

   [ring of magical power]

   Slay:      It affects your accuracy & damage with ranged weapons and melee
   (+4).
   rF:        It protects you from fire.
   MP:        It affects your magic capacity (+9).
 u - a ring of see invisible (right tentacle)
 z - a ring of wizardry (on tentacle)
 B - a ring of wizardry (on tentacle)
 G - a ring of protection from fire (on tentacle)
 M - a +6 ring of dexterity (on tentacle)
Wands
 f - a wand of digging (10)
 i - a wand of flame (14)
 p - a wand of iceblast (3)
 t - a wand of charming (6)
 K - a wand of mindburst (8)
Scrolls
 b - 4 scrolls of fog
 d - 2 scrolls of enchant weapon
 h - a scroll of magic mapping
 l - 2 scrolls of fear
 v - 3 scrolls of enchant armour
 x - a scroll of amnesia
 F - a scroll of teleportation
 I - 2 scrolls of immolation
Potions
 c - 2 potions of lignification
 e - 2 potions of haste
 k - a potion of ambrosia
 o - 2 potions of brilliance
 q - 4 potions of curing
 r - 2 potions of cancellation
 s - 2 potions of invisibility
 A - 3 potions of flight
 H - 3 potions of might
 J - 3 potions of mutation


   Skills:
 + Level 6.6 Fighting
 - Level 2.6(5.5) Short Blades
 * Level 7.6(7.8) Long Blades
 + Level 5.9 Dodging
 + Level 10.4 Stealth
 * Level 6.0 Spellcasting
 * Level 6.6 Transmutations
 + Level 1.7 Ice Magic
 * Level 2.8 Earth Magic


You had 10 spell levels left.
You knew the following spells:

 Your Spells              Type           Power      Damage    Failure   Level
a - Ozocubu's Armour      Ice            12%        N/A       4%          3
b - Frozen Ramparts       Ice            24%        1d4       4%          3
c - Statue Form           Tmut/Erth      15%        N/A       50%         6

Your spell library contained the following spells:

 Spells                   Type           Power      Damage    Failure   Level
 Freeze                   Ice            48%        1d6       1%          1
 Apportation              Tloc           10%        N/A       3%          1
 Necrotise                Necr           20%        1d5       3%          1
 Shock                    Conj/Air       20%        1d4       3%          1
 Summon Small Mammal      Summ           20%        N/A       3%          1
 Petrify                  Tmut/Erth      23%        N/A       4%          4
 Ice Form                 Ice/Tmut       21%        N/A       5%          4
 Hailstorm                Conj/Ice       9%         3d4       7%          3
 Swiftness                Air            5%         N/A       9%          3
 Tukima's Dance           Hex            5%         N/A       9%          3
 Yara's Violent Unravell  Hex/Tmut       9%         3d6       21%         5
 Airstrike                Air            2%         2d(1-17)  28%         4
 Passage of Golubria      Tloc           5%         N/A       28%         4
 Metabolic Englaciation   Hex/Ice        4%         N/A       45%         5
 Simulacrum               Ice/Necr       Unusable   N/A       N/A         6

Dungeon Overview and Level Annotations

Branches:
Dungeon (10/15)            Temple (1/1) D:5            Lair (0/5) D:8
    Orc (0/2) D:10

Altars:
Ashenzari
Cheibriados
Dithmenos
Elyvilon
Fedhas
Gozag
Hepliaklqana
Kikubaaqudgha
Makhleb
Nemelex Xobeh
Okawaru
Qazlal
Ru
Sif Muna
Trog
Uskayaw
Vehumet
Wu Jian
Xom
Yredelemnul
Zin
The Shining One

Shops:
D:1 *   D:3 :   D:4 (


Innate Abilities, Weirdness & Mutations

You cannot wear most types of armour.
You are amphibious.
You can wear up to eight rings at the same time.
Your skin changes colour to match your surroundings (Stealth+).
Your rubbery body absorbs attacks. (AC +1, EV +1)
((You are camouflaged when in or above water. (Stealth+)))
You have tentacles for arms and can constrict up to eight enemies at once.
You are agile. (Dex +4, Str/Int -1)
You are somewhat resistant to further mutation.


Message History

The heat melts your icy armour.
You hit the orange demon. You grab the orange demon.
The orange demon is lightly wounded.
You constrict the orange demon, but do no damage.
The orange demon barely misses you.
The wall freezes the red devil.
The red devil closely misses you.
The wall freezes the orange demon.
The orange demon barely misses you.
The orange demon hits you but does no damage.
The orange demon closely misses you.
You slash the orange demon!
The orange demon is moderately wounded.
You constrict the orange demon. You hit the orange demon.
The orange demon is heavily wounded.
You constrict the orange demon. The orange demon stings you from afar!
The wall freezes the red devil.
The red devil hits you but does no damage.
The wall freezes the orange demon but does no damage.
The orange demon misses you. The orange demon hits you.
* * * LOW HITPOINT WARNING * * *
The orange demon closely misses you.
As you read the scroll of teleportation, it crumbles to dust.
You feel strangely unstable.
You constrict the orange demon. The orange demon stings you from afar!
* * * LOW HITPOINT WARNING * * *
The wall freezes the red devil but does no damage.
The red devil hits you from afar with a +0 demon trident of flaming.
* * * LOW HITPOINT WARNING * * *
Barbed spikes become lodged in your body.
The wall freezes the orange demon.
The orange demon closely misses you. x2
The orange demon stings you from afar.
* * * LOW HITPOINT WARNING * * *
The heat melts your icy armour.
You feel much better.
You constrict the orange demon. The orange demon stings you from afar!
* * * LOW HITPOINT WARNING * * *
The wall freezes the red devil but does no damage.
The red devil hits you from afar with a +0 demon trident of flaming!
You die...
Your body crumbles into a pile of gold.

######## .......
...#
####....####...#
.##?)##..##..##..#
............44#..#
...........4.4#..#
#..##..##@$##..#
####....####...#
................#
...#.#########..#
$ ...... ##.##
.#.##. #..# # #
#####.## ##.#...##
#.......####


You could see 3 orange demons and a red devil.

Vanquished Creatures
  A two-headed ogre (D:10)
  An ugly thing (D:10)
  An orange demon (D:10)
  A rime drake (D:8)
  A troll (D:10)
  A hornet (D:9)
  4 vampire mosquitoes (D:10)
  2 water moccasins
  3 sky beasts
  6 ice beasts
  3 orc warriors
  A black bear (D:6)
  2 ogres (D:4)
  A wolf (D:8)
  2 centaurs
  A phantom (D:6)
  A kobold brigand (D:9)
  3 bullfrogs
  A gnoll sergeant (D:9)
  2 scorpions (D:5)
  5 wights (D:6)
  8 killer bees (D:8)
  A howler monkey (D:4)
  6 hounds
  A gnoll bouda (D:5)
  4 orc priests
  A sleepcap (D:6)
  6 iguanas
  Natasha (twice) (D:4)
  10 orc wizards
  12 gnolls
  2 adders
  A shadow imp (D:6)
  A howler monkey simulacrum (D:10)
  5 dart slugs
  30 orcs
  8 bats
  5 endoplasms
  4 giant cockroaches
  11 hobgoblins
  5 quokkas
  11 ball pythons
  2 frilled lizards
  9 goblins
  9 kobolds
  3 rats
200 creatures vanquished.

Vanquished Creatures (others)
  A ball python (D:4)
1 creature vanquished.

Grand Total: 201 creatures vanquished

Notes
Turn   | Place    | Note
-------+----------+-------------------------------------------
     0 | D:5      | croobank the Octopode Delver began the quest for the Orb.
     0 | D:5      | Reached XP level 1. HP: 16/16 MP: 1/1
     0 | D:5      | Identified the +8 long sword "Zocoheqi" {speed, rPois rN++
                  | Int+3 Stlth+}
    15 | D:5      | Noticed an iguana
    16 | D:6      | Noticed an orc priest
    16 | D:6      | Noticed an orc wizard
    20 | D:5      | Found a staircase to the Ecumenical Temple.
    31 | D:5      | Killed an iguana
    32 | D:5      | Reached XP level 2. HP: 8/21 MP: 2/2
    32 | D:5      | Reached XP level 3. HP: 10/26 MP: 3/3
   134 | D:5      | Found a hide-covered altar of Uskayaw.
   134 | D:5      | Noticed a scorpion
   135 | D:5      | Found a bloodstained altar of Trog.
   138 | D:5      | Found a burning altar of Makhleb.
   419 | D:2      | Reached skill level 7 in Stealth
   497 | D:2      | Identified the ring of Xom's Full Attention {rF+ MP+9
                  | Slay+4}
   802 | D:1      | Found Zaero's General Store.
   850 | D:1      | Reached XP level 4. HP: 27/31 MP: 4/4
  1160 | D:1      | Found a faded altar of an unknown god.
  1419 | D:3      | Reached skill level 1 in Long Blades
  1758 | D:3      | Found Jiozargh's Book Emporium.
  1877 | D:4      | Reached XP level 5. HP: 33/37 MP: 5/5
  1972 | D:4      | Noticed an ogre
  1986 | D:4      | Gained mutation: You are agile. (Dex +4, Str/Int -1)
                  | [potion of mutation]
  1986 | D:4      | Gained mutation: You are somewhat resistant to further
                  | mutation. [potion of mutation]
  1991 | D:4      | Killed an ogre
  1992 | D:4      | Reached XP level 6. HP: 32/43 MP: 6/6
  2057 | D:4      | Noticed Natasha
  2063 | D:4      | Killed Natasha
  2130 | D:4      | Reached skill level 8 in Stealth
  2250 | D:4      | Reached XP level 7. HP: 49/49 MP: 7/7
  2268 | D:4      | Noticed Natasha
  2273 | D:4      | Killed Natasha
  2282 | D:4      | Found Jubawuah's Antique Weapon Shoppe.
  2310 | D:4      | Reached skill level 1 in Transmutations
  2358 | D:4      | Found a glowing golden altar of the Shining One.
  2446 | D:5      | Reached skill level 1 in Spellcasting
  2846 | D:5      | Reached XP level 8. HP: 53/54 MP: 11/11
  3323 | Temple   | Entered the Ecumenical Temple
  3687 | D:7      | Learned a level 3 spell: Ozocubu's Armour
  3716 | D:6      | Reached skill level 5 in Fighting
  3814 | D:6      | Reached skill level 5 in Long Blades
  3940 | D:6      | Reached skill level 9 in Stealth
  3947 | D:6      | Reached XP level 9. HP: 48/61 MP: 14/14
  4416 | D:6      | Learned a level 3 spell: Frozen Ramparts
  5029 | D:7      | Found a radiant altar of Vehumet.
  5030 | D:7      | Found a shadowy altar of Dithmenos.
  5202 | D:7      | Found an opulent altar of Gozag.
  5203 | D:7      | Identified the +3 ring mail "Sederiwa" {Will+ Int+2 Dex+2}
  5239 | D:7      | Reached skill level 5 in Dodging
  5266 | D:7      | Found a shimmering altar of Xom.
  5495 | D:8      | Noticed a rime drake
  5568 | D:8      | Killed a rime drake
  5569 | D:8      | Reached skill level 5 in Transmutations
  5656 | D:8      | Found a staircase to the Lair.
  6047 | D:8      | Reached XP level 10. HP: 66/68 MP: 17/17
  6050 | D:8      | Reached skill level 5 in Spellcasting
  6445 | D:8      | Reached skill level 10 in Stealth
  6566 | D:8      | Found a blossoming altar of Fedhas.
  6823 | D:7      | Became a worshipper of Gozag Ym Sagoz the Greedy
  7341 | D:9      | Learned a level 6 spell: Statue Form
  7750 | D:10     | Entered Level 10 of the Dungeon
  7750 | D:10     | Noticed a two-headed ogre
  7757 | D:10     | Killed a two-headed ogre
  7758 | D:10     | Reached skill level 1 in Earth Magic
  7809 | D:10     | Noticed a brown ugly thing
  8077 | D:10     | Reached skill level 1 in Ice Magic
  8167 | D:10     | Killed a brown ugly thing
  8535 | D:10     | Found a staircase to the Orcish Mines.
  8704 | D:10     | Noticed an orange demon
  8704 | D:10     | Noticed an orange demon
  8704 | D:10     | Noticed an orange demon
  8708 | D:10     | Noticed an orange demon
  8711 | D:10     | Killed an orange demon
  8712 | D:10     | Reached XP level 11. HP: 74/74 MP: 20/20
  8721 | D:10     | Slain by a red devil

Illustrated notes

Levels and vault maps discovered:
D:1:      amcnicky_arrival_choice, layout_rooms, serial_shops, shop,
          shapermc_ecumenical_altar_hornbeckon, serial_forest,
          infiniplex_forest_end_1, infiniplex_forest_straight_3,
          infiniplex_forest_clump_small, infiniplex_forest_clump_medium,
          infiniplex_forest_clump_diagonal, infiniplex_forest_clump_medium,
          infiniplex_forest_straight_2, infiniplex_forest_corner_2,
          minmay_3d_cube
D:2:      layout_rooms, grunt_ministairs_2
D:3:      layout_rooms, serial_shops, nicolae_shop_trees
D:4:      layout_rooms, tso_altar, serial_shops, nicolae_shop_behind_doors,
          nicolae_underground_beach, uniq_natasha
D:5:      layout_basic, grunt_temple_overflow_open, minmay_temple_entry_slanted,
          minmay_misc_feat_room
D:6:      layout_basic
D:7:      layout_basic, nicolae_overflow_hidden_temple, minivault_5
D:8:      layout_loops_corners, fedhas_altar_fruit_tree, hellmonk_lair_entry_icy
D:9:      layout_long_grid, hangedman_decor_clover_reticule
D:10:     minmay_curly_fans, layout_cross, erik_orc_4, hangedman_decor_push,
          nrook_uturn, minmay_beelzebubs_servants
Temple:   dshaligram_water_room_temple

Skill      XL: |  1  2  3  4  5  6  7  8  9 10 |
---------------+-------------------------------+-----
Stealth        | 7 8 9 10 | 10.4
Long Blades    | 1 2 3 4 5 6 7 |  7.6
Dodging        | 3 4 5 |  5.9
Fighting       | 4 5 6 |  6.6
Transmutations | 2 3 5 6 |  6.6
Spellcasting   | 2 3 4 6 |  6.0
Earth Magic    | 2 |  2.8
Ice Magic      | 1 |  1.7
Short Blades   | |  2.6

Action                     |  1- 3 |  4- 6 |  7- 9 | 10-12 || total
---------------------------+-------+-------+-------+-------++-------
  Melee: Long sword        |    48 |    76 |   139 |    91 ||   354
         Constrict         |     8 |    12 |    26 |    20 ||    66
         Tentacles         |     6 |    13 |    28 |    23 ||    70
         Punch             |       |     2 |     4 |     1 ||     7
         Dagger            |       |       |       |     3 ||     3
  Throw: Dart              |       |       |       |    18 ||    18
         Throwing net      |       |       |       |     1 ||     1
   Cast: Ozocubu's Armour  |       |       |     2 |    11 ||    13
         Frozen Ramparts   |       |       |     1 |    16 ||    17
  Evoke: Wand              |       |     4 |       |     1 ||     5
    Use: Scroll            |     2 |     8 |     5 |     7 ||    22
         Potion            |       |     1 |     1 |     2 ||     4
   Stab: Sleeping          |    12 |    17 |    24 |     6 ||    59
         Distracted        |       |       |       |     1 ||     1
         Held in net/web   |       |       |       |     1 ||     1
 Armour: Skin              |     1 |     6 |     5 |    10 ||    22
  Dodge: Dodged            |    16 |    36 |    59 |    88 ||   199
